 Dungeon Crawl Stone Soup version 0.17.2 (webtiles) character file.

57 Charly the Insei (level 4, 0/21 HPs)
             Began as a Vine Stalker Transmuter on May 6, 2016.
             Was an Initiate of Cheibriados.
             Succumbed to a worker ant's poison
             ... on level 4 of the Dungeon.
             The game lasted 00:06:34 (350 turns).

Charly the Insei (Vine Stalker Transmuter)           Turns: 350, Time: 00:06:34

Health: 0/21       AC:  2    Str: 14    XL:     4   Next: 0%
Magic:  1/8        EV: 12    Int: 20    God:    Cheibriados [......]
Gold:   68         SH:  0    Dex: 15    Spells: 3 memorised, 1 level left

rFire  . . .     SeeInvis .       - Unarmed
rCold  . . .     Clarity  .     b - +0 robe
rNeg   . . .     SustAt   .     (no shield)
rPois  .         Gourm    +     (no helmet)
rElec  .         Spirit   +     (no cloak)
rCorr  .         Warding  .     (no gloves)
rMut   .         Stasis   .     (no boots)
MR     .....                    l - amulet of the gourmand
Stlth  +.........               (no ring)
                                (no ring)

@: brilliant, lethally poisoned (0 -> -7), very slightly contaminated, very
slow, not resistant to hostile enchantments, very unstealthy
A: fangs 2, regeneration 1, magic shield, antimagic bite, no device heal 3, rot
immunity
a: Bend Time, Renounce Religion


You were on level 4 of the Dungeon.
You worshipped Cheibriados.
Cheibriados was noncommittal.
You were not hungry.

You visited 1 branch of the dungeon, and saw 5 of its levels.

You collected 68 gold pieces.

Inventory:

Missiles
 a - 6 arrows
Armour
 b - a +0 robe (worn)
Jewellery
 l - an amulet of the gourmand (around neck)
Scrolls
 e - a scroll of teleportation {unknown}
 g - 2 scrolls of identify {unknown}
 h - a scroll of immolation {unknown}
 j - a scroll of random uselessness {unknown}
 k - a scroll of remove curse {unknown}
Books
 c - a book of Changes

   Spells                             Type                      Level
   a - Beastly Appendage              Transmutation                1
   b - Sticks to Snakes               Transmutation                2
   c - Spider Form                    Transmutation/Poison         3
   d - Ice Form                       Ice/Transmutation            4
   e - Blade Hands                    Transmutation                5
Comestibles
 d - 2 bread rations
 f - 3 meat rations


   Skills:
 - Level 0.8 Fighting
 - Level 1.5 Dodging
 + Level 4.1 Unarmed Combat
 - Level 2.1 Spellcasting
 - Level 3.0 Transmutations


You had one spell level left.
You knew the following spells:

 Your Spells              Type           Power        Failure   Level  Hunger
b - Beastly Appendage     Trmt           ####..       1%          1    #......
s - Sticks to Snakes      Trmt           ####......   1%          2    ##.....
S - Spider Form           Trmt/Pois      ###.......   3%          3    ###....


Dungeon Overview and Level Annotations

Branches:
Dungeon (5/15)             Temple (0/1) D:4

Altars:
Cheibriados
Elyvilon
Qazlal


Innate Abilities, Weirdness & Mutations

You have extremely sharp teeth.
Your natural rate of healing is unusually fast.
When hurt, damage is shared between your health and your magic reserves.
Your bite disrupts and absorbs the magic of your enemies.
Potions and wands cannot restore your health.
You are immune to rotting.


Message History

You bite the worker ant, but do no damage.
The worker ant is almost dead.
You feel sick. The worker ant bites you.
* * * LOW HITPOINT WARNING * * *
You are lethally poisoned!
The worker ant poisons you! The worker ant closely misses you.
You hit the worker ant.
You kill the worker ant!
Cheibriados appreciates the change of pace.
Your Unarmed Combat skill increases to level 4!
You have reached level 4!
You feel stronger.
* * * LOW HITPOINT WARNING * * *
You feel sick.
Drink which item? (? for menu, Esc to quit)
It was a potion of brilliance.
You feel clever all of a sudden.
* * * LOW HITPOINT WARNING * * *
You feel sick.
You die...

######...# #........#
#.#...#.# ######
###..#.#..####.....
......>...>.....#
##...#.#.†......#
##.#...#.......#
#..............######.##
...<....(.......@..>.....
##.####.........###...!..
#. #..........# ..... #.
#............ ....
#..........##.. ...
.......####.# .....
######... .# .. . ##.# .#
# #.# .#


There were no monsters in sight!

Vanquished Creatures
  A worker ant (D:4)
  An orc (D:3)
  A bat (D:1)
  A hobgoblin (D:3)
  A giant newt (D:3)
  2 goblins
  2 kobolds
  2 rats
11 creatures vanquished.

Vanquished Creatures (collateral kills)
  A worker ant (D:4)
  An adder (D:4)
  A giant gecko (D:3)
3 creatures vanquished.

Grand Total: 14 creatures vanquished

Notes
Turn   | Place    | Note
--------------------------------------------------------------
     0 | D:1      | Charly the Vine Stalker Transmuter began the quest for the Orb.
     0 | D:1      | Reached XP level 1. HP: 9/9 MP: 4/4
    89 | D:4      | Noticed a worker ant
   140 | D:3      | Reached XP level 2. HP: 14/14 MP: 3/6
   149 | D:3      | Learned a level 2 spell: Sticks to Snakes
   159 | D:3      | Found a white marble altar of Elyvilon.
   161 | D:3      | Found a snail-covered altar of Cheibriados.
   168 | D:3      | Found a stormy altar of Qazlal.
   177 | D:3      | Became a worshipper of Cheibriados the Contemplative
   255 | D:4      | Noticed a worker ant
   267 | D:4      | Killed a worker ant
   267 | D:4      | Reached XP level 3. HP: 13/17 MP: 0/7
   272 | D:4      | Learned a level 3 spell: Spider Form
   276 | D:4      | Noticed an orc wizard
   295 | D:4      | Found a staircase to the Ecumenical Temple.
   324 | D:5      | Entered Level 5 of the Dungeon
   324 | D:5      | Noticed a scorpion
   333 | D:4      | Noticed a worker ant
   348 | D:4      | Killed a worker ant
   348 | D:4      | Reached skill level 4 in Unarmed Combat
   348 | D:4      | Reached XP level 4. HP: 3/21 MP: 1/8
   350 | D:4      | Succumbed to a worker ant's poison

Action                   |  1- 3 |  4- 6 || total
-------------------------+-------+-------++-------
Melee: Unarmed           |    46 |       ||    46
 Cast: Sticks to Snakes  |     6 |       ||     6
  Use: Potion            |       |     1 ||     1
 Stab: Sleeping          |     2 |       ||     2
       Distracted        |     1 |       ||     1
